AoeStats
← 46134864

Arena

508210568Analyzed
3v3 RM · 12d ago on Sep 21, 2026· 44m 41s· 6 players
Game mode
Random Map
Map size
Normal (6 player)
Population
200
Speed
Normal
Resources
Standard
Victory
Conquest
Starting age
Dark Age
Ending age
Imperial Age
RankedLock teamsTeams togetherTeam positionsShared explorationLock speedFull tech treeHidden civsTurbo modeCheats
Victory
Defeat
🇨🇳 Spanish · China
1120
+16
🇰🇷 Khmer · South Korea
1098
+17
🇰🇷 Cumans · South Korea
1088
+17
🇨🇳 Persians · China
1151
-18
🇦🇷 Italians · Argentina
1143
-18
🇩🇪 Jurchens · Germany
1055
-14
GOOGOO
10:08 Feudal Age
14:58 Castle Age
13:02 Double-Bit Axe
14:17 Horse Collar
25:55 Imperial Age
23:25 Gold Mining
23:24 Loom
24:38 Ballistics
25:21 Wheelbarrow
25:00 Heavy Plow
25:13 Bow Saw
26:23 Tusk Swords
27:18 Conscription
27:17 Hand Cart
27:05 Fletching
27:12 Stone Mining
28:49 Chemistry
28:58 Bodkin Arrow
30:39 Bracer
31:43 Padded Archer Armor
32:20 Elite Ballista Elephant
33:44 Leather Archer Armor
33:52 Scale Barding Armor
34:44 Bloodlines
34:37 Double Crossbow
34:54 Husbandry
34:15 Light Cavalry
36:07 Chain Barding Armor
36:41 Ring Archer Armor
36:06 Hussar
37:41 Plate Barding Armor
38:23 Forging
42:48 Iron Casting
44:43 Blast Furnace
44:41 Hoardings
SHK
1:18 Loom
10:15 Feudal Age
17:20 Castle Age
16:18 Stone Mining
16:46 Double-Bit Axe
16:57 Horse Collar
18:12 Bow Saw
18:54 Heavy Plow
20:30 Gold Mining
29:14 Imperial Age
28:02 Bloodlines
29:34 Gold Shaft Mining
30:58 Wheelbarrow
31:34 Forging
31:30 Scale Barding Armor
31:51 Conscription
31:48 Cavalier
34:23 Iron Casting
34:33 Chain Barding Armor
34:38 Hand Cart
36:20 Paladin
38:26 Plate Barding Armor
38:25 Fletching
38:36 Padded Archer Armor
40:48 Elite Skirmisher
41:26 Bodkin Arrow
46134864
11:04 Feudal Age
12:24 Loom
15:07 Castle Age
14:23 Double-Bit Axe
14:47 Horse Collar
15:05 Gold Mining
18:36 Bloodlines
19:45 Padded Archer Armor
19:49 Horse Collar
21:12 Husbandry
22:59 Town Watch
32:51 Wheelbarrow
33:01 Wheelbarrow
34:07 Heavy Plow
35:08 Bow Saw
37:22 Hand Cart
37:37 Stone Mining
41:33 Imperial Age
40:11 Town Patrol
39:43 Elite Skirmisher
40:36 Fletching
41:25 Leather Archer Armor
41:59 Thumb Ring
43:23 Chemistry
42:34 Bodkin Arrow
43:10 Ring Archer Armor
43:58 Masonry
43:55 Bracer
45:21 Conscription
Heroc
3:02 Loom
10:23 Feudal Age
11:06 Double-Bit Axe
17:28 Castle Age
17:01 Stone Mining
18:37 Bow Saw
25:16 Bloodlines
25:58 Fletching
26:09 Padded Archer Armor
26:35 Husbandry
27:44 Squires
28:21 Elite Skirmisher
29:04 Bodkin Arrow
30:19 Ballistics
33:31 Scale Mail Armor
34:57 Horse Collar
36:21 Scale Barding Armor
39:53 Imperial Age
39:00 Fortified Bastions
39:15 Heavy Plow
40:02 Heavy Rocket Cart
41:02 Masonry
41:18 Chain Barding Armor
Jesuseitor18
10:39 Feudal Age
11:36 Loom
14:19 Castle Age
12:52 Double-Bit Axe
13:02 Stone Mining
16:27 Fletching
19:15 Bodkin Arrow
26:19 Wheelbarrow
29:06 Imperial Age
28:05 Padded Archer Armor
28:06 Scale Mail Armor
29:03 Horse Collar
29:33 Bow Saw
30:06 Ballistics
31:15 Chemistry
30:34 Bracer
35:36 Leather Archer Armor
35:36 Chain Mail Armor
37:44 Ring Archer Armor
40:21 Squires
40:54 Pikeman
43:02 Forging
43:22 Plate Mail Armor
Kobe Cashon
10:12 Feudal Age
11:21 Double-Bit Axe
14:45 Castle Age
12:55 Horse Collar
21:14 Heavy Plow
23:12 Wheelbarrow
24:36 Hand Cart
24:40 Bow Saw
24:25 Gold Mining
27:21 Gold Shaft Mining
26:41 Stone Mining
29:49 Imperial Age
Connection lost

Rejoining the realm…

Still unreachable

The connection could not be restored.

Session expired

The server has moved on; the page needs a fresh start.